%YAML 1.1
%TAG !u! tag:unity3d.com,2011:
--- !u!1 &186729385754785185
GameObject:
  m_ObjectHideFlags: 0
  m_CorrespondingSourceObject: {fileID: 0}
  m_PrefabInstance: {fileID: 0}
  m_PrefabAsset: {fileID: 0}
  serializedVersion: 6
  m_Component:
  - component: {fileID: 6029808561199444866}
  - component: {fileID: 5792543502433054576}
  m_Layer: 0
  m_Name: ChromaticAberrationTrigger
  m_TagString: ChromaticAberration
  m_Icon: {fileID: 0}
  m_NavMeshLayer: 0
  m_StaticEditorFlags: 0
  m_IsActive: 1
--- !u!4 &6029808561199444866
Transform:
  m_ObjectHideFlags: 0
  m_CorrespondingSourceObject: {fileID: 0}
  m_PrefabInstance: {fileID: 0}
  m_PrefabAsset: {fileID: 0}
  m_GameObject: {fileID: 186729385754785185}
  m_LocalRotation: {x: -0, y: -0, z: -0, w: 1}
  m_LocalPosition: {x: -1.82, y: 0.34, z: -2.25}
  m_LocalScale: {x: 1, y: 1, z: 1}
  m_Children: []
  m_Father: {fileID: 1510456000504761610}
  m_RootOrder: 4
  m_LocalEulerAnglesHint: {x: 0, y: 0, z: 0}
--- !u!65 &5792543502433054576
BoxCollider:
  m_ObjectHideFlags: 0
  m_CorrespondingSourceObject: {fileID: 0}
  m_PrefabInstance: {fileID: 0}
  m_PrefabAsset: {fileID: 0}
  m_GameObject: {fileID: 186729385754785185}
  m_Material: {fileID: 0}
  m_IsTrigger: 1
  m_Enabled: 1
  serializedVersion: 2
  m_Size: {x: 1, y: 1.1760159, z: 9.907051}
  m_Center: {x: 0, y: -0.08800793, z: 2.322834}
--- !u!1 &1510455999611605254
GameObject:
  m_ObjectHideFlags: 0
  m_CorrespondingSourceObject: {fileID: 0}
  m_PrefabInstance: {fileID: 0}
  m_PrefabAsset: {fileID: 0}
  serializedVersion: 6
  m_Component:
  - component: {fileID: 1510455999611605249}
  m_Layer: 0
  m_Name: RoomObjects
  m_TagString: Untagged
  m_Icon: {fileID: 0}
  m_NavMeshLayer: 0
  m_StaticEditorFlags: 0
  m_IsActive: 1
--- !u!4 &1510455999611605249
Transform:
  m_ObjectHideFlags: 0
  m_CorrespondingSourceObject: {fileID: 0}
  m_PrefabInstance: {fileID: 0}
  m_PrefabAsset: {fileID: 0}
  m_GameObject: {fileID: 1510455999611605254}
  m_LocalRotation: {x: 0, y: 0, z: 0, w: 1}
  m_LocalPosition: {x: 0, y: -1.72, z: -0.17}
  m_LocalScale: {x: 0.91, y: 0.91, z: 0.91}
  m_Children:
  - {fileID: 1510456000042352688}
  - {fileID: 2715053950129569185}
  - {fileID: 6562106732162169326}
  - {fileID: 6274282716167710856}
  - {fileID: 18854968948276707}
  - {fileID: 2470792162365223428}
  - {fileID: 234987662981131358}
  m_Father: {fileID: 1510456000504761610}
  m_RootOrder: 2
  m_LocalEulerAnglesHint: {x: 0, y: 0, z: 0}
--- !u!1 &1510456000042352689
GameObject:
  m_ObjectHideFlags: 0
  m_CorrespondingSourceObject: {fileID: 0}
  m_PrefabInstance: {fileID: 0}
  m_PrefabAsset: {fileID: 0}
  serializedVersion: 6
  m_Component:
  - component: {fileID: 1510456000042352688}
  - component: {fileID: 954693831260155010}
  m_Layer: 0
  m_Name: Neonlamp
  m_TagString: Untagged
  m_Icon: {fileID: 0}
  m_NavMeshLayer: 0
  m_StaticEditorFlags: 0
  m_IsActive: 1
--- !u!4 &1510456000042352688
Transform:
  m_ObjectHideFlags: 0
  m_CorrespondingSourceObject: {fileID: 0}
  m_PrefabInstance: {fileID: 0}
  m_PrefabAsset: {fileID: 0}
  m_GameObject: {fileID: 1510456000042352689}
  m_LocalRotation: {x: 0, y: 0, z: 0, w: 1}
  m_LocalPosition: {x: 0, y: 4.83, z: 3}
  m_LocalScale: {x: 1.81, y: 1.67, z: 0.22}
  m_Children:
  - {fileID: 1510456001037134482}
  - {fileID: 1510456001106415134}
  - {fileID: 1510456001075385875}
  - {fileID: 1510456001319482298}
  m_Father: {fileID: 1510455999611605249}
  m_RootOrder: 0
  m_LocalEulerAnglesHint: {x: 0, y: 0, z: 0}
--- !u!114 &954693831260155010
MonoBehaviour:
  m_ObjectHideFlags: 0
  m_CorrespondingSourceObject: {fileID: 0}
  m_PrefabInstance: {fileID: 0}
  m_PrefabAsset: {fileID: 0}
  m_GameObject: {fileID: 1510456000042352689}
  m_Enabled: 1
  m_EditorHideFlags: 0
  m_Script: {fileID: 11500000, guid: d30ee60260bf34d79a4c9f3443f061e7, type: 3}
  m_Name: 
  m_EditorClassIdentifier: 
  speed: 0.7
  inverse: 0
  seesaw: 1
  seesawDegreeRange: 3
  phaseShifter: 0
  xAxis: 0
  yAxis: 1
  zAxis: 1
  localRotation: 0
--- !u!1 &1510456000504761611
GameObject:
  m_ObjectHideFlags: 0
  m_CorrespondingSourceObject: {fileID: 0}
  m_PrefabInstance: {fileID: 0}
  m_PrefabAsset: {fileID: 0}
  serializedVersion: 6
  m_Component:
  - component: {fileID: 1510456000504761610}
  m_Layer: 0
  m_Name: 117_Level
  m_TagString: Level
  m_Icon: {fileID: 0}
  m_NavMeshLayer: 0
  m_StaticEditorFlags: 0
  m_IsActive: 1
--- !u!4 &1510456000504761610
Transform:
  m_ObjectHideFlags: 0
  m_CorrespondingSourceObject: {fileID: 0}
  m_PrefabInstance: {fileID: 0}
  m_PrefabAsset: {fileID: 0}
  m_GameObject: {fileID: 1510456000504761611}
  m_LocalRotation: {x: 0, y: 0, z: 0, w: 1}
  m_LocalPosition: {x: 0, y: 0, z: 0}
  m_LocalScale: {x: 1, y: 1, z: 1}
  m_Children:
  - {fileID: 8436612535128435576}
  - {fileID: 3553071631288771961}
  - {fileID: 1510455999611605249}
  - {fileID: 6344113471441941046}
  - {fileID: 6029808561199444866}
  - {fileID: 6154928895792266708}
  m_Father: {fileID: 0}
  m_RootOrder: 0
  m_LocalEulerAnglesHint: {x: 0, y: 0, z: 0}
--- !u!1 &1510456001037134483
GameObject:
  m_ObjectHideFlags: 0
  m_CorrespondingSourceObject: {fileID: 0}
  m_PrefabInstance: {fileID: 0}
  m_PrefabAsset: {fileID: 0}
  serializedVersion: 6
  m_Component:
  - component: {fileID: 1510456001037134482}
  - component: {fileID: 1510456001037134511}
  - component: {fileID: 1510456001037134508}
  - component: {fileID: 1510456001037134509}
  m_Layer: 0
  m_Name: NeonLight
  m_TagString: Untagged
  m_Icon: {fileID: 0}
  m_NavMeshLayer: 0
  m_StaticEditorFlags: 0
  m_IsActive: 1
--- !u!4 &1510456001037134482
Transform:
  m_ObjectHideFlags: 0
  m_CorrespondingSourceObject: {fileID: 0}
  m_PrefabInstance: {fileID: 0}
  m_PrefabAsset: {fileID: 0}
  m_GameObject: {fileID: 1510456001037134483}
  m_LocalRotation: {x: -0, y: -0, z: -0, w: 1}
  m_LocalPosition: {x: 0, y: 0.179, z: -0.02}
  m_LocalScale: {x: 5.41, y: 0.04, z: 0.1}
  m_Children: []
  m_Father: {fileID: 1510456000042352688}
  m_RootOrder: 0
  m_LocalEulerAnglesHint: {x: 0, y: 0, z: 0}
--- !u!33 &1510456001037134511
MeshFilter:
  m_ObjectHideFlags: 0
  m_CorrespondingSourceObject: {fileID: 0}
  m_PrefabInstance: {fileID: 0}
  m_PrefabAsset: {fileID: 0}
  m_GameObject: {fileID: 1510456001037134483}
  m_Mesh: {fileID: 10202, guid: 0000000000000000e000000000000000, type: 0}
--- !u!23 &1510456001037134508
MeshRenderer:
  m_ObjectHideFlags: 0
  m_CorrespondingSourceObject: {fileID: 0}
  m_PrefabInstance: {fileID: 0}
  m_PrefabAsset: {fileID: 0}
  m_GameObject: {fileID: 1510456001037134483}
  m_Enabled: 1
  m_CastShadows: 1
  m_ReceiveShadows: 1
  m_DynamicOccludee: 1
  m_MotionVectors: 1
  m_LightProbeUsage: 1
  m_ReflectionProbeUsage: 1
  m_RenderingLayerMask: 1
  m_RendererPriority: 0
  m_Materials:
  - {fileID: 2100000, guid: 0f8ddb5a82ef16345a0bf3f0f131bff9, type: 2}
  m_StaticBatchInfo:
    firstSubMesh: 0
    subMeshCount: 0
  m_StaticBatchRoot: {fileID: 0}
  m_ProbeAnchor: {fileID: 0}
  m_LightProbeVolumeOverride: {fileID: 0}
  m_ScaleInLightmap: 1
  m_ReceiveGI: 1
  m_PreserveUVs: 0
  m_IgnoreNormalsForChartDetection: 0
  m_ImportantGI: 0
  m_StitchLightmapSeams: 1
  m_SelectedEditorRenderState: 3
  m_MinimumChartSize: 4
  m_AutoUVMaxDistance: 0.5
  m_AutoUVMaxAngle: 89
  m_LightmapParameters: {fileID: 0}
  m_SortingLayerID: 0
  m_SortingLayer: 0
  m_SortingOrder: 0
--- !u!65 &1510456001037134509
BoxCollider:
  m_ObjectHideFlags: 0
  m_CorrespondingSourceObject: {fileID: 0}
  m_PrefabInstance: {fileID: 0}
  m_PrefabAsset: {fileID: 0}
  m_GameObject: {fileID: 1510456001037134483}
  m_Material: {fileID: 0}
  m_IsTrigger: 0
  m_Enabled: 1
  serializedVersion: 2
  m_Size: {x: 1, y: 1, z: 1}
  m_Center: {x: 0, y: 0, z: 0}
--- !u!1 &1510456001075385872
GameObject:
  m_ObjectHideFlags: 0
  m_CorrespondingSourceObject: {fileID: 0}
  m_PrefabInstance: {fileID: 0}
  m_PrefabAsset: {fileID: 0}
  serializedVersion: 6
  m_Component:
  - component: {fileID: 1510456001075385875}
  - component: {fileID: 1510456001075385900}
  - component: {fileID: 1510456001075385901}
  - component: {fileID: 1510456001075385874}
  m_Layer: 0
  m_Name: NeonLightRope
  m_TagString: Untagged
  m_Icon: {fileID: 0}
  m_NavMeshLayer: 0
  m_StaticEditorFlags: 0
  m_IsActive: 1
--- !u!4 &1510456001075385875
Transform:
  m_ObjectHideFlags: 0
  m_CorrespondingSourceObject: {fileID: 0}
  m_PrefabInstance: {fileID: 0}
  m_PrefabAsset: {fileID: 0}
  m_GameObject: {fileID: 1510456001075385872}
  m_LocalRotation: {x: -0, y: -0, z: -0, w: 1}
  m_LocalPosition: {x: -0.315, y: 1.788, z: 0}
  m_LocalScale: {x: 0.092267334, y: 3.2027092, z: 0.10752279}
  m_Children: []
  m_Father: {fileID: 1510456000042352688}
  m_RootOrder: 2
  m_LocalEulerAnglesHint: {x: 0, y: 0, z: 0}
--- !u!33 &1510456001075385900
MeshFilter:
  m_ObjectHideFlags: 0
  m_CorrespondingSourceObject: {fileID: 0}
  m_PrefabInstance: {fileID: 0}
  m_PrefabAsset: {fileID: 0}
  m_GameObject: {fileID: 1510456001075385872}
  m_Mesh: {fileID: 10202, guid: 0000000000000000e000000000000000, type: 0}
--- !u!23 &1510456001075385901
MeshRenderer:
  m_ObjectHideFlags: 0
  m_CorrespondingSourceObject: {fileID: 0}
  m_PrefabInstance: {fileID: 0}
  m_PrefabAsset: {fileID: 0}
  m_GameObject: {fileID: 1510456001075385872}
  m_Enabled: 1
  m_CastShadows: 1
  m_ReceiveShadows: 1
  m_DynamicOccludee: 1
  m_MotionVectors: 1
  m_LightProbeUsage: 1
  m_ReflectionProbeUsage: 1
  m_RenderingLayerMask: 1
  m_RendererPriority: 0
  m_Materials:
  - {fileID: 2100000, guid: 28abe6b1b5e61a04aae5cd9135a297aa, type: 2}
  m_StaticBatchInfo:
    firstSubMesh: 0
    subMeshCount: 0
  m_StaticBatchRoot: {fileID: 0}
  m_ProbeAnchor: {fileID: 0}
  m_LightProbeVolumeOverride: {fileID: 0}
  m_ScaleInLightmap: 1
  m_ReceiveGI: 1
  m_PreserveUVs: 0
  m_IgnoreNormalsForChartDetection: 0
  m_ImportantGI: 0
  m_StitchLightmapSeams: 1
  m_SelectedEditorRenderState: 3
  m_MinimumChartSize: 4
  m_AutoUVMaxDistance: 0.5
  m_AutoUVMaxAngle: 89
  m_LightmapParameters: {fileID: 0}
  m_SortingLayerID: 0
  m_SortingLayer: 0
  m_SortingOrder: 0
--- !u!65 &1510456001075385874
BoxCollider:
  m_ObjectHideFlags: 0
  m_CorrespondingSourceObject: {fileID: 0}
  m_PrefabInstance: {fileID: 0}
  m_PrefabAsset: {fileID: 0}
  m_GameObject: {fileID: 1510456001075385872}
  m_Material: {fileID: 0}
  m_IsTrigger: 0
  m_Enabled: 1
  serializedVersion: 2
  m_Size: {x: 1, y: 1, z: 1}
  m_Center: {x: 0, y: 0, z: 0}
--- !u!1 &1510456001106415135
GameObject:
  m_ObjectHideFlags: 0
  m_CorrespondingSourceObject: {fileID: 0}
  m_PrefabInstance: {fileID: 0}
  m_PrefabAsset: {fileID: 0}
  serializedVersion: 6
  m_Component:
  - component: {fileID: 1510456001106415134}
  - component: {fileID: 1510456001106415131}
  - component: {fileID: 1510456001106415128}
  - component: {fileID: 1510456001106415129}
  m_Layer: 0
  m_Name: NeonLightCase
  m_TagString: Untagged
  m_Icon: {fileID: 0}
  m_NavMeshLayer: 0
  m_StaticEditorFlags: 0
  m_IsActive: 1
--- !u!4 &1510456001106415134
Transform:
  m_ObjectHideFlags: 0
  m_CorrespondingSourceObject: {fileID: 0}
  m_PrefabInstance: {fileID: 0}
  m_PrefabAsset: {fileID: 0}
  m_GameObject: {fileID: 1510456001106415135}
  m_LocalRotation: {x: -0, y: -0, z: -0, w: 1}
  m_LocalPosition: {x: 0, y: 0.21000004, z: 0}
  m_LocalScale: {x: 5.6440225, y: 0.03, z: 0.3025317}
  m_Children: []
  m_Father: {fileID: 1510456000042352688}
  m_RootOrder: 1
  m_LocalEulerAnglesHint: {x: 0, y: 0, z: 0}
--- !u!33 &1510456001106415131
MeshFilter:
  m_ObjectHideFlags: 0
  m_CorrespondingSourceObject: {fileID: 0}
  m_PrefabInstance: {fileID: 0}
  m_PrefabAsset: {fileID: 0}
  m_GameObject: {fileID: 1510456001106415135}
  m_Mesh: {fileID: 10202, guid: 0000000000000000e000000000000000, type: 0}
--- !u!23 &1510456001106415128
MeshRenderer:
  m_ObjectHideFlags: 0
  m_CorrespondingSourceObject: {fileID: 0}
  m_PrefabInstance: {fileID: 0}
  m_PrefabAsset: {fileID: 0}
  m_GameObject: {fileID: 1510456001106415135}
  m_Enabled: 1
  m_CastShadows: 1
  m_ReceiveShadows: 1
  m_DynamicOccludee: 1
  m_MotionVectors: 1
  m_LightProbeUsage: 1
  m_ReflectionProbeUsage: 1
  m_RenderingLayerMask: 1
  m_RendererPriority: 0
  m_Materials:
  - {fileID: 2100000, guid: 28abe6b1b5e61a04aae5cd9135a297aa, type: 2}
  m_StaticBatchInfo:
    firstSubMesh: 0
    subMeshCount: 0
  m_StaticBatchRoot: {fileID: 0}
  m_ProbeAnchor: {fileID: 0}
  m_LightProbeVolumeOverride: {fileID: 0}
  m_ScaleInLightmap: 1
  m_ReceiveGI: 1
  m_PreserveUVs: 0
  m_IgnoreNormalsForChartDetection: 0
  m_ImportantGI: 0
  m_StitchLightmapSeams: 1
  m_SelectedEditorRenderState: 3
  m_MinimumChartSize: 4
  m_AutoUVMaxDistance: 0.5
  m_AutoUVMaxAngle: 89
  m_LightmapParameters: {fileID: 0}
  m_SortingLayerID: 0
  m_SortingLayer: 0
  m_SortingOrder: 0
--- !u!65 &1510456001106415129
BoxCollider:
  m_ObjectHideFlags: 0
  m_CorrespondingSourceObject: {fileID: 0}
  m_PrefabInstance: {fileID: 0}
  m_PrefabAsset: {fileID: 0}
  m_GameObject: {fileID: 1510456001106415135}
  m_Material: {fileID: 0}
  m_IsTrigger: 0
  m_Enabled: 1
  serializedVersion: 2
  m_Size: {x: 1, y: 1, z: 1}
  m_Center: {x: 0, y: 0, z: 0}
--- !u!1 &1510456001319482299
GameObject:
  m_ObjectHideFlags: 0
  m_CorrespondingSourceObject: {fileID: 0}
  m_PrefabInstance: {fileID: 0}
  m_PrefabAsset: {fileID: 0}
  serializedVersion: 6
  m_Component:
  - component: {fileID: 1510456001319482298}
  - component: {fileID: 1510456001319482295}
  - component: {fileID: 1510456001319482292}
  - component: {fileID: 1510456001319482293}
  m_Layer: 0
  m_Name: NeonLightRope2
  m_TagString: Untagged
  m_Icon: {fileID: 0}
  m_NavMeshLayer: 0
  m_StaticEditorFlags: 0
  m_IsActive: 1
--- !u!4 &1510456001319482298
Transform:
  m_ObjectHideFlags: 0
  m_CorrespondingSourceObject: {fileID: 0}
  m_PrefabInstance: {fileID: 0}
  m_PrefabAsset: {fileID: 0}
  m_GameObject: {fileID: 1510456001319482299}
  m_LocalRotation: {x: -0, y: -0, z: -0, w: 1}
  m_LocalPosition: {x: 0.369, y: 1.806, z: 0}
  m_LocalScale: {x: 0.092267334, y: 3.2027092, z: 0.10752279}
  m_Children: []
  m_Father: {fileID: 1510456000042352688}
  m_RootOrder: 3
  m_LocalEulerAnglesHint: {x: 0, y: 0, z: 0}
--- !u!33 &1510456001319482295
MeshFilter:
  m_ObjectHideFlags: 0
  m_CorrespondingSourceObject: {fileID: 0}
  m_PrefabInstance: {fileID: 0}
  m_PrefabAsset: {fileID: 0}
  m_GameObject: {fileID: 1510456001319482299}
  m_Mesh: {fileID: 10202, guid: 0000000000000000e000000000000000, type: 0}
--- !u!23 &1510456001319482292
MeshRenderer:
  m_ObjectHideFlags: 0
  m_CorrespondingSourceObject: {fileID: 0}
  m_PrefabInstance: {fileID: 0}
  m_PrefabAsset: {fileID: 0}
  m_GameObject: {fileID: 1510456001319482299}
  m_Enabled: 1
  m_CastShadows: 1
  m_ReceiveShadows: 1
  m_DynamicOccludee: 1
  m_MotionVectors: 1
  m_LightProbeUsage: 1
  m_ReflectionProbeUsage: 1
  m_RenderingLayerMask: 1
  m_RendererPriority: 0
  m_Materials:
  - {fileID: 2100000, guid: 28abe6b1b5e61a04aae5cd9135a297aa, type: 2}
  m_StaticBatchInfo:
    firstSubMesh: 0
    subMeshCount: 0
  m_StaticBatchRoot: {fileID: 0}
  m_ProbeAnchor: {fileID: 0}
  m_LightProbeVolumeOverride: {fileID: 0}
  m_ScaleInLightmap: 1
  m_ReceiveGI: 1
  m_PreserveUVs: 0
  m_IgnoreNormalsForChartDetection: 0
  m_ImportantGI: 0
  m_StitchLightmapSeams: 1
  m_SelectedEditorRenderState: 3
  m_MinimumChartSize: 4
  m_AutoUVMaxDistance: 0.5
  m_AutoUVMaxAngle: 89
  m_LightmapParameters: {fileID: 0}
  m_SortingLayerID: 0
  m_SortingLayer: 0
  m_SortingOrder: 0
--- !u!65 &1510456001319482293
BoxCollider:
  m_ObjectHideFlags: 0
  m_CorrespondingSourceObject: {fileID: 0}
  m_PrefabInstance: {fileID: 0}
  m_PrefabAsset: {fileID: 0}
  m_GameObject: {fileID: 1510456001319482299}
  m_Material: {fileID: 0}
  m_IsTrigger: 0
  m_Enabled: 1
  serializedVersion: 2
  m_Size: {x: 1, y: 1, z: 1}
  m_Center: {x: 0, y: 0, z: 0}
--- !u!1 &2976080327443843520
GameObject:
  m_ObjectHideFlags: 0
  m_CorrespondingSourceObject: {fileID: 0}
  m_PrefabInstance: {fileID: 0}
  m_PrefabAsset: {fileID: 0}
  serializedVersion: 6
  m_Component:
  - component: {fileID: 6154928895792266708}
  - component: {fileID: 3727658363276545462}
  m_Layer: 0
  m_Name: ChromaticAberrationTrigger (1)
  m_TagString: ChromaticAberration
  m_Icon: {fileID: 0}
  m_NavMeshLayer: 0
  m_StaticEditorFlags: 0
  m_IsActive: 1
--- !u!4 &6154928895792266708
Transform:
  m_ObjectHideFlags: 0
  m_CorrespondingSourceObject: {fileID: 0}
  m_PrefabInstance: {fileID: 0}
  m_PrefabAsset: {fileID: 0}
  m_GameObject: {fileID: 2976080327443843520}
  m_LocalRotation: {x: -0, y: -0, z: -0, w: 1}
  m_LocalPosition: {x: 1.96, y: 0.34, z: -2.25}
  m_LocalScale: {x: 1, y: 1, z: 1}
  m_Children: []
  m_Father: {fileID: 1510456000504761610}
  m_RootOrder: 5
  m_LocalEulerAnglesHint: {x: 0, y: 0, z: 0}
--- !u!65 &3727658363276545462
BoxCollider:
  m_ObjectHideFlags: 0
  m_CorrespondingSourceObject: {fileID: 0}
  m_PrefabInstance: {fileID: 0}
  m_PrefabAsset: {fileID: 0}
  m_GameObject: {fileID: 2976080327443843520}
  m_Material: {fileID: 0}
  m_IsTrigger: 1
  m_Enabled: 1
  serializedVersion: 2
  m_Size: {x: 1, y: 1.1760159, z: 9.907051}
  m_Center: {x: 0, y: -0.08800793, z: 2.322834}
--- !u!114 &1374967924883522135
MonoBehaviour:
  m_ObjectHideFlags: 0
  m_CorrespondingSourceObject: {fileID: 0}
  m_PrefabInstance: {fileID: 0}
  m_PrefabAsset: {fileID: 0}
  m_GameObject: {fileID: 3553071630458107630}
  m_Enabled: 1
  m_EditorHideFlags: 0
  m_Script: {fileID: 11500000, guid: d30ee60260bf34d79a4c9f3443f061e7, type: 3}
  m_Name: 
  m_EditorClassIdentifier: 
  speed: 0.5
  inverse: 0
  seesaw: 1
  seesawDegreeRange: 10
  phaseShifter: 0
  xAxis: 0
  yAxis: 1
  zAxis: 0
  localRotation: 0
--- !u!114 &1844552636229265523
MonoBehaviour:
  m_ObjectHideFlags: 0
  m_CorrespondingSourceObject: {fileID: 0}
  m_PrefabInstance: {fileID: 0}
  m_PrefabAsset: {fileID: 0}
  m_GameObject: {fileID: 8422761744683363227}
  m_Enabled: 1
  m_EditorHideFlags: 0
  m_Script: {fileID: 11500000, guid: d6bd0380bda7b403698d9983f6705253, type: 3}
  m_Name: 
  m_EditorClassIdentifier: 
  dialogId: 117_thin_line
  activateOnStart: 1
  blockControlsUntilFinished: 0
  secondsToWaitWithStart: 0.2
  secondsForEachText: 3
--- !u!54 &2165797974940004797
Rigidbody:
  m_ObjectHideFlags: 0
  m_CorrespondingSourceObject: {fileID: 0}
  m_PrefabInstance: {fileID: 0}
  m_PrefabAsset: {fileID: 0}
  m_GameObject: {fileID: 8436612534383494404}
  serializedVersion: 2
  m_Mass: 1
  m_Drag: 0
  m_AngularDrag: 0.05
  m_UseGravity: 0
  m_IsKinematic: 0
  m_Interpolate: 0
  m_Constraints: 126
  m_CollisionDetection: 0
--- !u!54 &6975077240989301474
Rigidbody:
  m_ObjectHideFlags: 0
  m_CorrespondingSourceObject: {fileID: 0}
  m_PrefabInstance: {fileID: 0}
  m_PrefabAsset: {fileID: 0}
  m_GameObject: {fileID: 8436612535596028890}
  serializedVersion: 2
  m_Mass: 1
  m_Drag: 0
  m_AngularDrag: 0.05
  m_UseGravity: 0
  m_IsKinematic: 0
  m_Interpolate: 0
  m_Constraints: 126
  m_CollisionDetection: 0
--- !u!1001 &1059825754269650982
PrefabInstance:
  m_ObjectHideFlags: 0
  serializedVersion: 2
  m_Modification:
    m_TransformParent: {fileID: 1510456000504761610}
    m_Modifications:
    - target: {fileID: 8815489261426211773, guid: ddada0e1f0c34436b9709ce18f0cc0f7,
        type: 3}
      propertyPath: m_Name
      value: WallMonitorWithText
      objectReference: {fileID: 0}
    - target: {fileID: 6250873680786399760, guid: ddada0e1f0c34436b9709ce18f0cc0f7,
        type: 3}
      propertyPath: m_LocalPosition.x
      value: -2.67
      objectReference: {fileID: 0}
    - target: {fileID: 6250873680786399760, guid: ddada0e1f0c34436b9709ce18f0cc0f7,
        type: 3}
      propertyPath: m_LocalPosition.y
      value: 2.89
      objectReference: {fileID: 0}
    - target: {fileID: 6250873680786399760, guid: ddada0e1f0c34436b9709ce18f0cc0f7,
        type: 3}
      propertyPath: m_LocalPosition.z
      value: 5.01
      objectReference: {fileID: 0}
    - target: {fileID: 6250873680786399760, guid: ddada0e1f0c34436b9709ce18f0cc0f7,
        type: 3}
      propertyPath: m_LocalRotation.x
      value: -0
      objectReference: {fileID: 0}
    - target: {fileID: 6250873680786399760, guid: ddada0e1f0c34436b9709ce18f0cc0f7,
        type: 3}
      propertyPath: m_LocalRotation.y
      value: -0
      objectReference: {fileID: 0}
    - target: {fileID: 6250873680786399760, guid: ddada0e1f0c34436b9709ce18f0cc0f7,
        type: 3}
      propertyPath: m_LocalRotation.z
      value: -0
      objectReference: {fileID: 0}
    - target: {fileID: 6250873680786399760, guid: ddada0e1f0c34436b9709ce18f0cc0f7,
        type: 3}
      propertyPath: m_LocalRotation.w
      value: 1
      objectReference: {fileID: 0}
    - target: {fileID: 6250873680786399760, guid: ddada0e1f0c34436b9709ce18f0cc0f7,
        type: 3}
      propertyPath: m_RootOrder
      value: 3
      objectReference: {fileID: 0}
    - target: {fileID: 6250873680786399760, guid: ddada0e1f0c34436b9709ce18f0cc0f7,
        type: 3}
      propertyPath: m_LocalEulerAnglesHint.x
      value: 0
      objectReference: {fileID: 0}
    - target: {fileID: 6250873680786399760, guid: ddada0e1f0c34436b9709ce18f0cc0f7,
        type: 3}
      propertyPath: m_LocalEulerAnglesHint.y
      value: 0
      objectReference: {fileID: 0}
    - target: {fileID: 6250873680786399760, guid: ddada0e1f0c34436b9709ce18f0cc0f7,
        type: 3}
      propertyPath: m_LocalEulerAnglesHint.z
      value: 0
      objectReference: {fileID: 0}
    - target: {fileID: 6250873680786399760, guid: ddada0e1f0c34436b9709ce18f0cc0f7,
        type: 3}
      propertyPath: m_LocalScale.x
      value: 4.26
      objectReference: {fileID: 0}
    - target: {fileID: 6250873680786399760, guid: ddada0e1f0c34436b9709ce18f0cc0f7,
        type: 3}
      propertyPath: m_LocalScale.y
      value: 2.74
      objectReference: {fileID: 0}
    - target: {fileID: 6250873680786399760, guid: ddada0e1f0c34436b9709ce18f0cc0f7,
        type: 3}
      propertyPath: m_LocalScale.z
      value: 0.08621467
      objectReference: {fileID: 0}
    - target: {fileID: 480673318117449532, guid: ddada0e1f0c34436b9709ce18f0cc0f7,
        type: 3}
      propertyPath: m_LocalPosition.x
      value: 0.214
      objectReference: {fileID: 0}
    - target: {fileID: 480673318117449532, guid: ddada0e1f0c34436b9709ce18f0cc0f7,
        type: 3}
      propertyPath: m_LocalPosition.z
      value: -18.9
      objectReference: {fileID: 0}
    - target: {fileID: 3911160621079002548, guid: ddada0e1f0c34436b9709ce18f0cc0f7,
        type: 3}
      propertyPath: m_Mesh
      value: 
      objectReference: {fileID: 0}
    - target: {fileID: 5502987367810259128, guid: ddada0e1f0c34436b9709ce18f0cc0f7,
        type: 3}
      propertyPath: m_textInfo.characterCount
      value: 55
      objectReference: {fileID: 0}
    - target: {fileID: 5502987367810259128, guid: ddada0e1f0c34436b9709ce18f0cc0f7,
        type: 3}
      propertyPath: m_textInfo.spaceCount
      value: 10
      objectReference: {fileID: 0}
    - target: {fileID: 5502987367810259128, guid: ddada0e1f0c34436b9709ce18f0cc0f7,
        type: 3}
      propertyPath: m_textInfo.wordCount
      value: 11
      objectReference: {fileID: 0}
    - target: {fileID: 5502987367810259128, guid: ddada0e1f0c34436b9709ce18f0cc0f7,
        type: 3}
      propertyPath: m_textInfo.lineCount
      value: 4
      objectReference: {fileID: 0}
    - target: {fileID: 5502987367810259128, guid: ddada0e1f0c34436b9709ce18f0cc0f7,
        type: 3}
      propertyPath: m_textInfo.pageCount
      value: 1
      objectReference: {fileID: 0}
    - target: {fileID: 5502987367810259128, guid: ddada0e1f0c34436b9709ce18f0cc0f7,
        type: 3}
      propertyPath: m_text
      value: Sometimes you might just have to walk on a fine line...
      objectReference: {fileID: 0}
    - target: {fileID: 5502987367810259128, guid: ddada0e1f0c34436b9709ce18f0cc0f7,
        type: 3}
      propertyPath: m_firstOverflowCharacterIndex
      value: -1
      objectReference: {fileID: 0}
    - target: {fileID: 5502987367810259128, guid: ddada0e1f0c34436b9709ce18f0cc0f7,
        type: 3}
      propertyPath: m_isRightToLeft
      value: 0
      objectReference: {fileID: 0}
    - target: {fileID: 5502987367810259128, guid: ddada0e1f0c34436b9709ce18f0cc0f7,
        type: 3}
      propertyPath: m_enableAutoSizing
      value: 0
      objectReference: {fileID: 0}
    - target: {fileID: 5502987367810259128, guid: ddada0e1f0c34436b9709ce18f0cc0f7,
        type: 3}
      propertyPath: m_fontSize
      value: 1.43
      objectReference: {fileID: 0}
    - target: {fileID: 5502987367810259128, guid: ddada0e1f0c34436b9709ce18f0cc0f7,
        type: 3}
      propertyPath: m_fontSizeBase
      value: 1.43
      objectReference: {fileID: 0}
    - target: {fileID: 3040356770609471277, guid: ddada0e1f0c34436b9709ce18f0cc0f7,
        type: 3}
      propertyPath: m_Range
      value: 3.95
      objectReference: {fileID: 0}
    m_RemovedComponents: []
  m_SourcePrefab: {fileID: 100100000, guid: ddada0e1f0c34436b9709ce18f0cc0f7, type: 3}
--- !u!1 &8422761744683363227 stripped
GameObject:
  m_CorrespondingSourceObject: {fileID: 8815489261426211773, guid: ddada0e1f0c34436b9709ce18f0cc0f7,
    type: 3}
  m_PrefabInstance: {fileID: 1059825754269650982}
  m_PrefabAsset: {fileID: 0}
--- !u!4 &6344113471441941046 stripped
Transform:
  m_CorrespondingSourceObject: {fileID: 6250873680786399760, guid: ddada0e1f0c34436b9709ce18f0cc0f7,
    type: 3}
  m_PrefabInstance: {fileID: 1059825754269650982}
  m_PrefabAsset: {fileID: 0}
--- !u!1001 &1510455999795062060
PrefabInstance:
  m_ObjectHideFlags: 0
  serializedVersion: 2
  m_Modification:
    m_TransformParent: {fileID: 1510456000504761610}
    m_Modifications:
    - target: {fileID: 2718270269496508500, guid: 7e9d2267f9b1b584a8cf00742bba0132,
        type: 3}
      propertyPath: m_Name
      value: SurveillanceCam
      objectReference: {fileID: 0}
    - target: {fileID: 2718270269496508501, guid: 7e9d2267f9b1b584a8cf00742bba0132,
        type: 3}
      propertyPath: m_LocalPosition.x
      value: 0
      objectReference: {fileID: 0}
    - target: {fileID: 2718270269496508501, guid: 7e9d2267f9b1b584a8cf00742bba0132,
        type: 3}
      propertyPath: m_LocalPosition.y
      value: 4.83
      objectReference: {fileID: 0}
    - target: {fileID: 2718270269496508501, guid: 7e9d2267f9b1b584a8cf00742bba0132,
        type: 3}
      propertyPath: m_LocalPosition.z
      value: 4.96
      objectReference: {fileID: 0}
    - target: {fileID: 2718270269496508501, guid: 7e9d2267f9b1b584a8cf00742bba0132,
        type: 3}
      propertyPath: m_LocalRotation.x
      value: -0
      objectReference: {fileID: 0}
    - target: {fileID: 2718270269496508501, guid: 7e9d2267f9b1b584a8cf00742bba0132,
        type: 3}
      propertyPath: m_LocalRotation.y
      value: -0
      objectReference: {fileID: 0}
    - target: {fileID: 2718270269496508501, guid: 7e9d2267f9b1b584a8cf00742bba0132,
        type: 3}
      propertyPath: m_LocalRotation.z
      value: -0
      objectReference: {fileID: 0}
    - target: {fileID: 2718270269496508501, guid: 7e9d2267f9b1b584a8cf00742bba0132,
        type: 3}
      propertyPath: m_LocalRotation.w
      value: 1
      objectReference: {fileID: 0}
    - target: {fileID: 2718270269496508501, guid: 7e9d2267f9b1b584a8cf00742bba0132,
        type: 3}
      propertyPath: m_RootOrder
      value: 1
      objectReference: {fileID: 0}
    - target: {fileID: 2718270269496508501, guid: 7e9d2267f9b1b584a8cf00742bba0132,
        type: 3}
      propertyPath: m_LocalEulerAnglesHint.x
      value: 0
      objectReference: {fileID: 0}
    - target: {fileID: 2718270269496508501, guid: 7e9d2267f9b1b584a8cf00742bba0132,
        type: 3}
      propertyPath: m_LocalEulerAnglesHint.y
      value: 0
      objectReference: {fileID: 0}
    - target: {fileID: 2718270269496508501, guid: 7e9d2267f9b1b584a8cf00742bba0132,
        type: 3}
      propertyPath: m_LocalEulerAnglesHint.z
      value: 0
      objectReference: {fileID: 0}
    - target: {fileID: 2718270267677959550, guid: 7e9d2267f9b1b584a8cf00742bba0132,
        type: 3}
      propertyPath: m_LocalPosition.x
      value: 0.145
      objectReference: {fileID: 0}
    - target: {fileID: 2718270267677959550, guid: 7e9d2267f9b1b584a8cf00742bba0132,
        type: 3}
      propertyPath: m_LocalPosition.y
      value: -0.509
      objectReference: {fileID: 0}
    - target: {fileID: 2718270267710067651, guid: 7e9d2267f9b1b584a8cf00742bba0132,
        type: 3}
      propertyPath: m_LocalRotation.x
      value: -0.2759693
      objectReference: {fileID: 0}
    - target: {fileID: 2718270267710067651, guid: 7e9d2267f9b1b584a8cf00742bba0132,
        type: 3}
      propertyPath: m_LocalRotation.y
      value: -0.01918632
      objectReference: {fileID: 0}
    - target: {fileID: 2718270267710067651, guid: 7e9d2267f9b1b584a8cf00742bba0132,
        type: 3}
      propertyPath: m_LocalRotation.z
      value: -0.06664935
      objectReference: {fileID: 0}
    - target: {fileID: 2718270267710067651, guid: 7e9d2267f9b1b584a8cf00742bba0132,
        type: 3}
      propertyPath: m_LocalRotation.w
      value: 0.9586609
      objectReference: {fileID: 0}
    - target: {fileID: 2718270267710067651, guid: 7e9d2267f9b1b584a8cf00742bba0132,
        type: 3}
      propertyPath: m_LocalPosition.x
      value: 0.14084148
      objectReference: {fileID: 0}
    - target: {fileID: 2718270267710067651, guid: 7e9d2267f9b1b584a8cf00742bba0132,
        type: 3}
      propertyPath: m_LocalPosition.y
      value: -0.26125813
      objectReference: {fileID: 0}
    - target: {fileID: 2718270267710067651, guid: 7e9d2267f9b1b584a8cf00742bba0132,
        type: 3}
      propertyPath: m_LocalPosition.z
      value: -0.4830532
      objectReference: {fileID: 0}
    - target: {fileID: 2718270267710067651, guid: 7e9d2267f9b1b584a8cf00742bba0132,
        type: 3}
      propertyPath: m_LocalEulerAnglesHint.x
      value: -32.119003
      objectReference: {fileID: 0}
    - target: {fileID: 2718270267710067651, guid: 7e9d2267f9b1b584a8cf00742bba0132,
        type: 3}
      propertyPath: m_LocalEulerAnglesHint.y
      value: 0
      objectReference: {fileID: 0}
    - target: {fileID: 2718270267710067651, guid: 7e9d2267f9b1b584a8cf00742bba0132,
        type: 3}
      propertyPath: m_LocalEulerAnglesHint.z
      value: -7.9540005
      objectReference: {fileID: 0}
    - target: {fileID: 2718270268856245757, guid: 7e9d2267f9b1b584a8cf00742bba0132,
        type: 3}
      propertyPath: m_LocalPosition.x
      value: 0.145
      objectReference: {fileID: 0}
    - target: {fileID: 2718270268856245757, guid: 7e9d2267f9b1b584a8cf00742bba0132,
        type: 3}
      propertyPath: m_LocalPosition.y
      value: -0.44299996
      objectReference: {fileID: 0}
    m_RemovedComponents:
    - {fileID: 1481731139308192114, guid: 7e9d2267f9b1b584a8cf00742bba0132, type: 3}
  m_SourcePrefab: {fileID: 100100000, guid: 7e9d2267f9b1b584a8cf00742bba0132, type: 3}
--- !u!4 &3553071631288771961 stripped
Transform:
  m_CorrespondingSourceObject: {fileID: 2718270269496508501, guid: 7e9d2267f9b1b584a8cf00742bba0132,
    type: 3}
  m_PrefabInstance: {fileID: 1510455999795062060}
  m_PrefabAsset: {fileID: 0}
--- !u!1 &3553071630458107630 stripped
GameObject:
  m_CorrespondingSourceObject: {fileID: 2718270267710067650, guid: 7e9d2267f9b1b584a8cf00742bba0132,
    type: 3}
  m_PrefabInstance: {fileID: 1510455999795062060}
  m_PrefabAsset: {fileID: 0}
--- !u!1001 &1510455999986034239
PrefabInstance:
  m_ObjectHideFlags: 0
  serializedVersion: 2
  m_Modification:
    m_TransformParent: {fileID: 1510456000504761610}
    m_Modifications:
    - target: {fileID: 7053457099664543046, guid: f4bd71c34b7afd740a9a4aab50340f80,
        type: 3}
      propertyPath: m_Name
      value: RoomTemplate
      objectReference: {fileID: 0}
    - target: {fileID: 7053457099664543047, guid: f4bd71c34b7afd740a9a4aab50340f80,
        type: 3}
      propertyPath: m_LocalPosition.x
      value: 1.6700001
      objectReference: {fileID: 0}
    - target: {fileID: 7053457099664543047, guid: f4bd71c34b7afd740a9a4aab50340f80,
        type: 3}
      propertyPath: m_LocalPosition.y
      value: -0.1040535
      objectReference: {fileID: 0}
    - target: {fileID: 7053457099664543047, guid: f4bd71c34b7afd740a9a4aab50340f80,
        type: 3}
      propertyPath: m_LocalPosition.z
      value: -0.4218712
      objectReference: {fileID: 0}
    - target: {fileID: 7053457099664543047, guid: f4bd71c34b7afd740a9a4aab50340f80,
        type: 3}
      propertyPath: m_LocalRotation.x
      value: -0
      objectReference: {fileID: 0}
    - target: {fileID: 7053457099664543047, guid: f4bd71c34b7afd740a9a4aab50340f80,
        type: 3}
      propertyPath: m_LocalRotation.y
      value: -0
      objectReference: {fileID: 0}
    - target: {fileID: 7053457099664543047, guid: f4bd71c34b7afd740a9a4aab50340f80,
        type: 3}
      propertyPath: m_LocalRotation.z
      value: -0
      objectReference: {fileID: 0}
    - target: {fileID: 7053457099664543047, guid: f4bd71c34b7afd740a9a4aab50340f80,
        type: 3}
      propertyPath: m_LocalRotation.w
      value: 1
      objectReference: {fileID: 0}
    - target: {fileID: 7053457099664543047, guid: f4bd71c34b7afd740a9a4aab50340f80,
        type: 3}
      propertyPath: m_RootOrder
      value: 0
      objectReference: {fileID: 0}
    - target: {fileID: 7053457099664543047, guid: f4bd71c34b7afd740a9a4aab50340f80,
        type: 3}
      propertyPath: m_LocalEulerAnglesHint.x
      value: 0
      objectReference: {fileID: 0}
    - target: {fileID: 7053457099664543047, guid: f4bd71c34b7afd740a9a4aab50340f80,
        type: 3}
      propertyPath: m_LocalEulerAnglesHint.y
      value: 0
      objectReference: {fileID: 0}
    - target: {fileID: 7053457099664543047, guid: f4bd71c34b7afd740a9a4aab50340f80,
        type: 3}
      propertyPath: m_LocalEulerAnglesHint.z
      value: 0
      objectReference: {fileID: 0}
    m_RemovedComponents: []
  m_SourcePrefab: {fileID: 100100000, guid: f4bd71c34b7afd740a9a4aab50340f80, type: 3}
--- !u!1 &8436612534383494404 stripped
GameObject:
  m_CorrespondingSourceObject: {fileID: 7053457097845842747, guid: f4bd71c34b7afd740a9a4aab50340f80,
    type: 3}
  m_PrefabInstance: {fileID: 1510455999986034239}
  m_PrefabAsset: {fileID: 0}
--- !u!4 &8436612535128435576 stripped
Transform:
  m_CorrespondingSourceObject: {fileID: 7053457099664543047, guid: f4bd71c34b7afd740a9a4aab50340f80,
    type: 3}
  m_PrefabInstance: {fileID: 1510455999986034239}
  m_PrefabAsset: {fileID: 0}
--- !u!1 &8436612535596028890 stripped
GameObject:
  m_CorrespondingSourceObject: {fileID: 7053457099057624549, guid: f4bd71c34b7afd740a9a4aab50340f80,
    type: 3}
  m_PrefabInstance: {fileID: 1510455999986034239}
  m_PrefabAsset: {fileID: 0}
--- !u!1001 &2437449718550414681
PrefabInstance:
  m_ObjectHideFlags: 0
  serializedVersion: 2
  m_Modification:
    m_TransformParent: {fileID: 1510455999611605249}
    m_Modifications:
    - target: {fileID: 323767365515655416, guid: dfcd265ec5fb68240b7474dd19ce9be1,
        type: 3}
      propertyPath: m_RootOrder
      value: 1
      objectReference: {fileID: 0}
    - target: {fileID: 1884681883391640334, guid: dfcd265ec5fb68240b7474dd19ce9be1,
        type: 3}
      propertyPath: m_Name
      value: Closet
      objectReference: {fileID: 0}
    - target: {fileID: 1884681883391640329, guid: dfcd265ec5fb68240b7474dd19ce9be1,
        type: 3}
      propertyPath: m_LocalPosition.x
      value: 3.45
      objectReference: {fileID: 0}
    - target: {fileID: 1884681883391640329, guid: dfcd265ec5fb68240b7474dd19ce9be1,
        type: 3}
      propertyPath: m_LocalPosition.y
      value: 3.46
      objectReference: {fileID: 0}
    - target: {fileID: 1884681883391640329, guid: dfcd265ec5fb68240b7474dd19ce9be1,
        type: 3}
      propertyPath: m_LocalPosition.z
      value: 3.7992
      objectReference: {fileID: 0}
    - target: {fileID: 1884681883391640329, guid: dfcd265ec5fb68240b7474dd19ce9be1,
        type: 3}
      propertyPath: m_LocalRotation.x
      value: -0
      objectReference: {fileID: 0}
    - target: {fileID: 1884681883391640329, guid: dfcd265ec5fb68240b7474dd19ce9be1,
        type: 3}
      propertyPath: m_LocalRotation.y
      value: -0
      objectReference: {fileID: 0}
    - target: {fileID: 1884681883391640329, guid: dfcd265ec5fb68240b7474dd19ce9be1,
        type: 3}
      propertyPath: m_LocalRotation.z
      value: -0
      objectReference: {fileID: 0}
    - target: {fileID: 1884681883391640329, guid: dfcd265ec5fb68240b7474dd19ce9be1,
        type: 3}
      propertyPath: m_LocalRotation.w
      value: 1
      objectReference: {fileID: 0}
    - target: {fileID: 1884681883391640329, guid: dfcd265ec5fb68240b7474dd19ce9be1,
        type: 3}
      propertyPath: m_RootOrder
      value: 2
      objectReference: {fileID: 0}
    - target: {fileID: 1884681883391640329, guid: dfcd265ec5fb68240b7474dd19ce9be1,
        type: 3}
      propertyPath: m_LocalEulerAnglesHint.x
      value: 0
      objectReference: {fileID: 0}
    - target: {fileID: 1884681883391640329, guid: dfcd265ec5fb68240b7474dd19ce9be1,
        type: 3}
      propertyPath: m_LocalEulerAnglesHint.y
      value: 0
      objectReference: {fileID: 0}
    - target: {fileID: 1884681883391640329, guid: dfcd265ec5fb68240b7474dd19ce9be1,
        type: 3}
      propertyPath: m_LocalEulerAnglesHint.z
      value: 0
      objectReference: {fileID: 0}
    m_RemovedComponents: []
  m_SourcePrefab: {fileID: 100100000, guid: dfcd265ec5fb68240b7474dd19ce9be1, type: 3}
--- !u!4 &2715053950129569185 stripped
Transform:
  m_CorrespondingSourceObject: {fileID: 323767365515655416, guid: dfcd265ec5fb68240b7474dd19ce9be1,
    type: 3}
  m_PrefabInstance: {fileID: 2437449718550414681}
  m_PrefabAsset: {fileID: 0}
--- !u!1001 &3745609811385239492
PrefabInstance:
  m_ObjectHideFlags: 0
  serializedVersion: 2
  m_Modification:
    m_TransformParent: {fileID: 1510455999611605249}
    m_Modifications:
    - target: {fileID: 2040329605017760311, guid: 56eb924428baab94facee8e217501883,
        type: 3}
      propertyPath: m_Name
      value: WallMonitor
      objectReference: {fileID: 0}
    - target: {fileID: 3511062026606816154, guid: 56eb924428baab94facee8e217501883,
        type: 3}
      propertyPath: m_LocalPosition.x
      value: -5.4835167
      objectReference: {fileID: 0}
    - target: {fileID: 3511062026606816154, guid: 56eb924428baab94facee8e217501883,
        type: 3}
      propertyPath: m_LocalPosition.y
      value: 4.1520762
      objectReference: {fileID: 0}
    - target: {fileID: 3511062026606816154, guid: 56eb924428baab94facee8e217501883,
        type: 3}
      propertyPath: m_LocalPosition.z
      value: 2.8229134
      objectReference: {fileID: 0}
    - target: {fileID: 3511062026606816154, guid: 56eb924428baab94facee8e217501883,
        type: 3}
      propertyPath: m_LocalRotation.x
      value: -0
      objectReference: {fileID: 0}
    - target: {fileID: 3511062026606816154, guid: 56eb924428baab94facee8e217501883,
        type: 3}
      propertyPath: m_LocalRotation.y
      value: 0.7071068
      objectReference: {fileID: 0}
    - target: {fileID: 3511062026606816154, guid: 56eb924428baab94facee8e217501883,
        type: 3}
      propertyPath: m_LocalRotation.z
      value: -0
      objectReference: {fileID: 0}
    - target: {fileID: 3511062026606816154, guid: 56eb924428baab94facee8e217501883,
        type: 3}
      propertyPath: m_LocalRotation.w
      value: -0.7071068
      objectReference: {fileID: 0}
    - target: {fileID: 3511062026606816154, guid: 56eb924428baab94facee8e217501883,
        type: 3}
      propertyPath: m_RootOrder
      value: 6
      objectReference: {fileID: 0}
    - target: {fileID: 3511062026606816154, guid: 56eb924428baab94facee8e217501883,
        type: 3}
      propertyPath: m_LocalEulerAnglesHint.x
      value: 0
      objectReference: {fileID: 0}
    - target: {fileID: 3511062026606816154, guid: 56eb924428baab94facee8e217501883,
        type: 3}
      propertyPath: m_LocalEulerAnglesHint.y
      value: 270
      objectReference: {fileID: 0}
    - target: {fileID: 3511062026606816154, guid: 56eb924428baab94facee8e217501883,
        type: 3}
      propertyPath: m_LocalEulerAnglesHint.z
      value: 0
      objectReference: {fileID: 0}
    - target: {fileID: 3511062026606816154, guid: 56eb924428baab94facee8e217501883,
        type: 3}
      propertyPath: m_LocalScale.x
      value: 0.9231434
      objectReference: {fileID: 0}
    - target: {fileID: 3511062026606816154, guid: 56eb924428baab94facee8e217501883,
        type: 3}
      propertyPath: m_LocalScale.y
      value: 0.66678023
      objectReference: {fileID: 0}
    - target: {fileID: 3511062026606816154, guid: 56eb924428baab94facee8e217501883,
        type: 3}
      propertyPath: m_LocalScale.z
      value: 0.0862147
      objectReference: {fileID: 0}
    m_RemovedComponents: []
  m_SourcePrefab: {fileID: 100100000, guid: 56eb924428baab94facee8e217501883, type: 3}
--- !u!4 &234987662981131358 stripped
Transform:
  m_CorrespondingSourceObject: {fileID: 3511062026606816154, guid: 56eb924428baab94facee8e217501883,
    type: 3}
  m_PrefabInstance: {fileID: 3745609811385239492}
  m_PrefabAsset: {fileID: 0}
--- !u!1001 &4424291758159651476
PrefabInstance:
  m_ObjectHideFlags: 0
  serializedVersion: 2
  m_Modification:
    m_TransformParent: {fileID: 1510455999611605249}
    m_Modifications:
    - target: {fileID: 1496261056841579718, guid: d1d4032687409ad4ba918fdc6da0d8ec,
        type: 3}
      propertyPath: m_Name
      value: Picture
      objectReference: {fileID: 0}
    - target: {fileID: 2246233573588881552, guid: d1d4032687409ad4ba918fdc6da0d8ec,
        type: 3}
      propertyPath: m_LocalPosition.x
      value: -3.2637365
      objectReference: {fileID: 0}
    - target: {fileID: 2246233573588881552, guid: d1d4032687409ad4ba918fdc6da0d8ec,
        type: 3}
      propertyPath: m_LocalPosition.y
      value: 4.1978025
      objectReference: {fileID: 0}
    - target: {fileID: 2246233573588881552, guid: d1d4032687409ad4ba918fdc6da0d8ec,
        type: 3}
      propertyPath: m_LocalPosition.z
      value: 5.6682734
      objectReference: {fileID: 0}
    - target: {fileID: 2246233573588881552, guid: d1d4032687409ad4ba918fdc6da0d8ec,
        type: 3}
      propertyPath: m_LocalRotation.x
      value: -0
      objectReference: {fileID: 0}
    - target: {fileID: 2246233573588881552, guid: d1d4032687409ad4ba918fdc6da0d8ec,
        type: 3}
      propertyPath: m_LocalRotation.y
      value: -0
      objectReference: {fileID: 0}
    - target: {fileID: 2246233573588881552, guid: d1d4032687409ad4ba918fdc6da0d8ec,
        type: 3}
      propertyPath: m_LocalRotation.z
      value: -0
      objectReference: {fileID: 0}
    - target: {fileID: 2246233573588881552, guid: d1d4032687409ad4ba918fdc6da0d8ec,
        type: 3}
      propertyPath: m_LocalRotation.w
      value: 1
      objectReference: {fileID: 0}
    - target: {fileID: 2246233573588881552, guid: d1d4032687409ad4ba918fdc6da0d8ec,
        type: 3}
      propertyPath: m_RootOrder
      value: 5
      objectReference: {fileID: 0}
    - target: {fileID: 2246233573588881552, guid: d1d4032687409ad4ba918fdc6da0d8ec,
        type: 3}
      propertyPath: m_LocalEulerAnglesHint.x
      value: 0
      objectReference: {fileID: 0}
    - target: {fileID: 2246233573588881552, guid: d1d4032687409ad4ba918fdc6da0d8ec,
        type: 3}
      propertyPath: m_LocalEulerAnglesHint.y
      value: 0
      objectReference: {fileID: 0}
    - target: {fileID: 2246233573588881552, guid: d1d4032687409ad4ba918fdc6da0d8ec,
        type: 3}
      propertyPath: m_LocalEulerAnglesHint.z
      value: 0
      objectReference: {fileID: 0}
    - target: {fileID: 2246233573588881552, guid: d1d4032687409ad4ba918fdc6da0d8ec,
        type: 3}
      propertyPath: m_LocalScale.x
      value: 1.1012738
      objectReference: {fileID: 0}
    - target: {fileID: 2246233573588881552, guid: d1d4032687409ad4ba918fdc6da0d8ec,
        type: 3}
      propertyPath: m_LocalScale.y
      value: 1.5558604
      objectReference: {fileID: 0}
    - target: {fileID: 2246233573588881552, guid: d1d4032687409ad4ba918fdc6da0d8ec,
        type: 3}
      propertyPath: m_LocalScale.z
      value: 0.022714535
      objectReference: {fileID: 0}
    - target: {fileID: 5873605221081473212, guid: d1d4032687409ad4ba918fdc6da0d8ec,
        type: 3}
      propertyPath: m_LocalPosition.x
      value: 5.67
      objectReference: {fileID: 0}
    - target: {fileID: 5873605221081473212, guid: d1d4032687409ad4ba918fdc6da0d8ec,
        type: 3}
      propertyPath: m_LocalPosition.y
      value: 0.47
      objectReference: {fileID: 0}
    m_RemovedComponents: []
  m_SourcePrefab: {fileID: 100100000, guid: d1d4032687409ad4ba918fdc6da0d8ec, type: 3}
--- !u!4 &2470792162365223428 stripped
Transform:
  m_CorrespondingSourceObject: {fileID: 2246233573588881552, guid: d1d4032687409ad4ba918fdc6da0d8ec,
    type: 3}
  m_PrefabInstance: {fileID: 4424291758159651476}
  m_PrefabAsset: {fileID: 0}
--- !u!1001 &5060781526120979359
PrefabInstance:
  m_ObjectHideFlags: 0
  serializedVersion: 2
  m_Modification:
    m_TransformParent: {fileID: 1510455999611605249}
    m_Modifications:
    - target: {fileID: 4013912942357779105, guid: cd905e69ff8d6724581a58711d2204c5,
        type: 3}
      propertyPath: m_Name
      value: CopyMachine
      objectReference: {fileID: 0}
    - target: {fileID: 2101712843806433905, guid: cd905e69ff8d6724581a58711d2204c5,
        type: 3}
      propertyPath: m_LocalPosition.x
      value: 4.4395604
      objectReference: {fileID: 0}
    - target: {fileID: 2101712843806433905, guid: cd905e69ff8d6724581a58711d2204c5,
        type: 3}
      propertyPath: m_LocalPosition.y
      value: 2.038978
      objectReference: {fileID: 0}
    - target: {fileID: 2101712843806433905, guid: cd905e69ff8d6724581a58711d2204c5,
        type: 3}
      propertyPath: m_LocalPosition.z
      value: 4.5494504
      objectReference: {fileID: 0}
    - target: {fileID: 2101712843806433905, guid: cd905e69ff8d6724581a58711d2204c5,
        type: 3}
      propertyPath: m_LocalRotation.x
      value: -0
      objectReference: {fileID: 0}
    - target: {fileID: 2101712843806433905, guid: cd905e69ff8d6724581a58711d2204c5,
        type: 3}
      propertyPath: m_LocalRotation.y
      value: 0.17364816
      objectReference: {fileID: 0}
    - target: {fileID: 2101712843806433905, guid: cd905e69ff8d6724581a58711d2204c5,
        type: 3}
      propertyPath: m_LocalRotation.z
      value: -0
      objectReference: {fileID: 0}
    - target: {fileID: 2101712843806433905, guid: cd905e69ff8d6724581a58711d2204c5,
        type: 3}
      propertyPath: m_LocalRotation.w
      value: 0.9848078
      objectReference: {fileID: 0}
    - target: {fileID: 2101712843806433905, guid: cd905e69ff8d6724581a58711d2204c5,
        type: 3}
      propertyPath: m_RootOrder
      value: 2
      objectReference: {fileID: 0}
    - target: {fileID: 2101712843806433905, guid: cd905e69ff8d6724581a58711d2204c5,
        type: 3}
      propertyPath: m_LocalEulerAnglesHint.x
      value: 0
      objectReference: {fileID: 0}
    - target: {fileID: 2101712843806433905, guid: cd905e69ff8d6724581a58711d2204c5,
        type: 3}
      propertyPath: m_LocalEulerAnglesHint.y
      value: 20
      objectReference: {fileID: 0}
    - target: {fileID: 2101712843806433905, guid: cd905e69ff8d6724581a58711d2204c5,
        type: 3}
      propertyPath: m_LocalEulerAnglesHint.z
      value: 0
      objectReference: {fileID: 0}
    - target: {fileID: 2101712843806433905, guid: cd905e69ff8d6724581a58711d2204c5,
        type: 3}
      propertyPath: m_LocalScale.x
      value: 1.4893878
      objectReference: {fileID: 0}
    - target: {fileID: 2101712843806433905, guid: cd905e69ff8d6724581a58711d2204c5,
        type: 3}
      propertyPath: m_LocalScale.y
      value: 1.525776
      objectReference: {fileID: 0}
    - target: {fileID: 2101712843806433905, guid: cd905e69ff8d6724581a58711d2204c5,
        type: 3}
      propertyPath: m_LocalScale.z
      value: 1.6455066
      objectReference: {fileID: 0}
    m_RemovedComponents: []
  m_SourcePrefab: {fileID: 100100000, guid: cd905e69ff8d6724581a58711d2204c5, type: 3}
--- !u!4 &6562106732162169326 stripped
Transform:
  m_CorrespondingSourceObject: {fileID: 2101712843806433905, guid: cd905e69ff8d6724581a58711d2204c5,
    type: 3}
  m_PrefabInstance: {fileID: 5060781526120979359}
  m_PrefabAsset: {fileID: 0}
--- !u!1001 &7185074411893550477
PrefabInstance:
  m_ObjectHideFlags: 0
  serializedVersion: 2
  m_Modification:
    m_TransformParent: {fileID: 1510455999611605249}
    m_Modifications:
    - target: {fileID: 4013351552585194622, guid: 1b249f1690bd45f48a08ae3647867738,
        type: 3}
      propertyPath: m_Name
      value: Papers
      objectReference: {fileID: 0}
    - target: {fileID: 7202521765300424814, guid: 1b249f1690bd45f48a08ae3647867738,
        type: 3}
      propertyPath: m_LocalPosition.x
      value: 4.3636103
      objectReference: {fileID: 0}
    - target: {fileID: 7202521765300424814, guid: 1b249f1690bd45f48a08ae3647867738,
        type: 3}
      propertyPath: m_LocalPosition.y
      value: 3.9263737
      objectReference: {fileID: 0}
    - target: {fileID: 7202521765300424814, guid: 1b249f1690bd45f48a08ae3647867738,
        type: 3}
      propertyPath: m_LocalPosition.z
      value: 4.47385
      objectReference: {fileID: 0}
    - target: {fileID: 7202521765300424814, guid: 1b249f1690bd45f48a08ae3647867738,
        type: 3}
      propertyPath: m_LocalRotation.x
      value: -0
      objectReference: {fileID: 0}
    - target: {fileID: 7202521765300424814, guid: 1b249f1690bd45f48a08ae3647867738,
        type: 3}
      propertyPath: m_LocalRotation.y
      value: -0
      objectReference: {fileID: 0}
    - target: {fileID: 7202521765300424814, guid: 1b249f1690bd45f48a08ae3647867738,
        type: 3}
      propertyPath: m_LocalRotation.z
      value: -0
      objectReference: {fileID: 0}
    - target: {fileID: 7202521765300424814, guid: 1b249f1690bd45f48a08ae3647867738,
        type: 3}
      propertyPath: m_LocalRotation.w
      value: 1
      objectReference: {fileID: 0}
    - target: {fileID: 7202521765300424814, guid: 1b249f1690bd45f48a08ae3647867738,
        type: 3}
      propertyPath: m_RootOrder
      value: 4
      objectReference: {fileID: 0}
    - target: {fileID: 7202521765300424814, guid: 1b249f1690bd45f48a08ae3647867738,
        type: 3}
      propertyPath: m_LocalEulerAnglesHint.x
      value: 0
      objectReference: {fileID: 0}
    - target: {fileID: 7202521765300424814, guid: 1b249f1690bd45f48a08ae3647867738,
        type: 3}
      propertyPath: m_LocalEulerAnglesHint.y
      value: 0
      objectReference: {fileID: 0}
    - target: {fileID: 7202521765300424814, guid: 1b249f1690bd45f48a08ae3647867738,
        type: 3}
      propertyPath: m_LocalEulerAnglesHint.z
      value: 0
      objectReference: {fileID: 0}
    - target: {fileID: 7202521765300424814, guid: 1b249f1690bd45f48a08ae3647867738,
        type: 3}
      propertyPath: m_LocalScale.x
      value: 0.4835165
      objectReference: {fileID: 0}
    - target: {fileID: 7202521765300424814, guid: 1b249f1690bd45f48a08ae3647867738,
        type: 3}
      propertyPath: m_LocalScale.y
      value: 0.010989011
      objectReference: {fileID: 0}
    - target: {fileID: 7202521765300424814, guid: 1b249f1690bd45f48a08ae3647867738,
        type: 3}
      propertyPath: m_LocalScale.z
      value: 0.6703297
      objectReference: {fileID: 0}
    - target: {fileID: 7184463747018551563, guid: 1b249f1690bd45f48a08ae3647867738,
        type: 3}
      propertyPath: m_Mesh
      value: 
      objectReference: {fileID: 0}
    - target: {fileID: 8136829080140670615, guid: 1b249f1690bd45f48a08ae3647867738,
        type: 3}
      propertyPath: m_textInfo.characterCount
      value: 58
      objectReference: {fileID: 0}
    - target: {fileID: 8136829080140670615, guid: 1b249f1690bd45f48a08ae3647867738,
        type: 3}
      propertyPath: m_textInfo.spaceCount
      value: 9
      objectReference: {fileID: 0}
    - target: {fileID: 8136829080140670615, guid: 1b249f1690bd45f48a08ae3647867738,
        type: 3}
      propertyPath: m_textInfo.wordCount
      value: 9
      objectReference: {fileID: 0}
    - target: {fileID: 8136829080140670615, guid: 1b249f1690bd45f48a08ae3647867738,
        type: 3}
      propertyPath: m_textInfo.lineCount
      value: 6
      objectReference: {fileID: 0}
    - target: {fileID: 8136829080140670615, guid: 1b249f1690bd45f48a08ae3647867738,
        type: 3}
      propertyPath: m_textInfo.pageCount
      value: 1
      objectReference: {fileID: 0}
    - target: {fileID: 8983274022380894207, guid: 1b249f1690bd45f48a08ae3647867738,
        type: 3}
      propertyPath: m_textInfo.characterCount
      value: 66
      objectReference: {fileID: 0}
    - target: {fileID: 8983274022380894207, guid: 1b249f1690bd45f48a08ae3647867738,
        type: 3}
      propertyPath: m_textInfo.spaceCount
      value: 12
      objectReference: {fileID: 0}
    - target: {fileID: 8983274022380894207, guid: 1b249f1690bd45f48a08ae3647867738,
        type: 3}
      propertyPath: m_textInfo.wordCount
      value: 12
      objectReference: {fileID: 0}
    - target: {fileID: 8983274022380894207, guid: 1b249f1690bd45f48a08ae3647867738,
        type: 3}
      propertyPath: m_textInfo.lineCount
      value: 6
      objectReference: {fileID: 0}
    - target: {fileID: 8983274022380894207, guid: 1b249f1690bd45f48a08ae3647867738,
        type: 3}
      propertyPath: m_textInfo.pageCount
      value: 1
      objectReference: {fileID: 0}
    - target: {fileID: 2872468866270223924, guid: 1b249f1690bd45f48a08ae3647867738,
        type: 3}
      propertyPath: m_Mesh
      value: 
      objectReference: {fileID: 0}
    m_RemovedComponents: []
  m_SourcePrefab: {fileID: 100100000, guid: 1b249f1690bd45f48a08ae3647867738, type: 3}
--- !u!4 &18854968948276707 stripped
Transform:
  m_CorrespondingSourceObject: {fileID: 7202521765300424814, guid: 1b249f1690bd45f48a08ae3647867738,
    type: 3}
  m_PrefabInstance: {fileID: 7185074411893550477}
  m_PrefabAsset: {fileID: 0}
--- !u!1001 &9217954185656318774
PrefabInstance:
  m_ObjectHideFlags: 0
  serializedVersion: 2
  m_Modification:
    m_TransformParent: {fileID: 1510455999611605249}
    m_Modifications:
    - target: {fileID: 2953933222248059833, guid: fab9deb1e3b21b34abb511ad1d4ec0ce,
        type: 3}
      propertyPath: m_Name
      value: Keyboard
      objectReference: {fileID: 0}
    - target: {fileID: 2953933222248059838, guid: fab9deb1e3b21b34abb511ad1d4ec0ce,
        type: 3}
      propertyPath: m_LocalPosition.x
      value: 4.048352
      objectReference: {fileID: 0}
    - target: {fileID: 2953933222248059838, guid: fab9deb1e3b21b34abb511ad1d4ec0ce,
        type: 3}
      propertyPath: m_LocalPosition.y
      value: 2.9709058
      objectReference: {fileID: 0}
    - target: {fileID: 2953933222248059838, guid: fab9deb1e3b21b34abb511ad1d4ec0ce,
        type: 3}
      propertyPath: m_LocalPosition.z
      value: 3.6494508
      objectReference: {fileID: 0}
    - target: {fileID: 2953933222248059838, guid: fab9deb1e3b21b34abb511ad1d4ec0ce,
        type: 3}
      propertyPath: m_LocalRotation.x
      value: -0
      objectReference: {fileID: 0}
    - target: {fileID: 2953933222248059838, guid: fab9deb1e3b21b34abb511ad1d4ec0ce,
        type: 3}
      propertyPath: m_LocalRotation.y
      value: 0.17364816
      objectReference: {fileID: 0}
    - target: {fileID: 2953933222248059838, guid: fab9deb1e3b21b34abb511ad1d4ec0ce,
        type: 3}
      propertyPath: m_LocalRotation.z
      value: -0
      objectReference: {fileID: 0}
    - target: {fileID: 2953933222248059838, guid: fab9deb1e3b21b34abb511ad1d4ec0ce,
        type: 3}
      propertyPath: m_LocalRotation.w
      value: 0.9848078
      objectReference: {fileID: 0}
    - target: {fileID: 2953933222248059838, guid: fab9deb1e3b21b34abb511ad1d4ec0ce,
        type: 3}
      propertyPath: m_RootOrder
      value: 3
      objectReference: {fileID: 0}
    - target: {fileID: 2953933222248059838, guid: fab9deb1e3b21b34abb511ad1d4ec0ce,
        type: 3}
      propertyPath: m_LocalEulerAnglesHint.x
      value: 0
      objectReference: {fileID: 0}
    - target: {fileID: 2953933222248059838, guid: fab9deb1e3b21b34abb511ad1d4ec0ce,
        type: 3}
      propertyPath: m_LocalEulerAnglesHint.y
      value: 20
      objectReference: {fileID: 0}
    - target: {fileID: 2953933222248059838, guid: fab9deb1e3b21b34abb511ad1d4ec0ce,
        type: 3}
      propertyPath: m_LocalEulerAnglesHint.z
      value: 0
      objectReference: {fileID: 0}
    - target: {fileID: 2953933222248059838, guid: fab9deb1e3b21b34abb511ad1d4ec0ce,
        type: 3}
      propertyPath: m_LocalScale.x
      value: 1.098901
      objectReference: {fileID: 0}
    - target: {fileID: 2953933222248059838, guid: fab9deb1e3b21b34abb511ad1d4ec0ce,
        type: 3}
      propertyPath: m_LocalScale.y
      value: 0.12551278
      objectReference: {fileID: 0}
    - target: {fileID: 2953933222248059838, guid: fab9deb1e3b21b34abb511ad1d4ec0ce,
        type: 3}
      propertyPath: m_LocalScale.z
      value: 0.532
      objectReference: {fileID: 0}
    m_RemovedComponents: []
  m_SourcePrefab: {fileID: 100100000, guid: fab9deb1e3b21b34abb511ad1d4ec0ce, type: 3}
--- !u!4 &6274282716167710856 stripped
Transform:
  m_CorrespondingSourceObject: {fileID: 2953933222248059838, guid: fab9deb1e3b21b34abb511ad1d4ec0ce,
    type: 3}
  m_PrefabInstance: {fileID: 9217954185656318774}
  m_PrefabAsset: {fileID: 0}
